[Event "Titled Tuesday Blitz August 22 Early 2023"]
[White "Omariev, Maksim"]
[Black "Zampronha, Wladimir Camilo"]
[WhiteFideId "4193423"]
[BlackFideId "2103087"]
[WhiteElo "2482"]
[BlackElo "2266"]
[Result "0-1"]
[Round "2"]
[TimeControl "180+1"]
[Date "2023.08.22"]
[WhiteClock "0:00:00"]
[BlackClock "0:00:09"]
[Board "213"]

1. g4 d5 2. Bg2 c5 3. h3 Nc6 4. c3 e5 5. d3 Be6 6. Nd2 h5 7. gxh5 Qd7 8. Nf1 Nf6 9. Ng3 Nxh5 10. Nxh5 Rxh5 11. e4 Rh8 12. Ne2 dxe4 13. dxe4 Qxd1+ 14. Kxd1 f5 15. Kc2 fxe4 16. Ng3 O-O-O 17. Nxe4 Be7 18. Be3 b6 19. Nxc5 Bxc5 20. Bxc5 bxc5 21. Bxc6 Rxh3 22. Rxh3 Bxh3 23. Rg1 Bf5+ 24. Kb3 Kc7 25. Bb5 g6 26. Bc4 Rd2 27. f4 exf4 28. Rf1 g5 29. Rg1 f3 30. Rxg5 Bc2+ 31. Ka3 f2 32. Rg7+ Kb6 33. Rf7 Be4 34. Rf6+ Kc7 0-1


[Site "https://www.chess.com"]

[Event "Titled Tuesday Blitz August 22 Early 2023"]
[White "Mrithyunjay Mahadevan"]
[Black "San Thit Lwin"]
[WhiteFideId "45003521"]
[BlackFideId "13001272"]
[WhiteElo "2480"]
[BlackElo "2266"]
[Result "1-0"]
[Round "2"]
[TimeControl "180+1"]
[Date "2023.08.22"]
[WhiteClock "0:01:19"]
[BlackClock "0:00:00"]
[Board "214"]

1. e4 Nf6 2. e5 Nd5 3. d4 d6 4. Nf3 g6 5. Be2 Bg7 6. O-O O-O 7. exd6 cxd6 8. c4 Nf6 9. Nc3 Nc6 10. h3 Bf5 11. a3 a5 12. Be3 Rc8 13. d5 Nb8 14. Qb3 Nbd7 15. g4 Bxg4 16. hxg4 Nxg4 17. Nd4 Nxe3 18. fxe3 e5 19. Nf3 Nc5 20. Qc2 f5 21. b4 axb4 22. axb4 Na6 23. b5 Nc5 24. e4 fxe4 25. Nxe4 Nxe4 26. Qxe4 Rf4 27. Qe3 Qf6 28. Kh1 e4 29. Nh2 Rf8 30. Rae1 Qh4 31. Rxf4 Rxf4 32. Rf1 Be5 33. Rxf4 Bxf4 34. Qg1 e3 35. Qg2 g5 36. Kg1 Qe1+ 37. Bf1 e2 38. Qxe2 Be3+ 39. Kh1 Qg3 40. Nf3 1-0


[Site "https://www.chess.com"]

[Event "Titled Tuesday Blitz August 22 Early 2023"]
[White "Hoffmann, Asa"]
[Black "Khamdamova, Afruza"]
[WhiteFideId "2001470"]
[BlackFideId "14210444"]
[WhiteElo "2263"]
[BlackElo "2479"]
[Result "0-1"]
[Round "2"]
[TimeControl "180+1"]
[Date "2023.08.22"]
[WhiteClock "0:00:10"]
[BlackClock "0:00:15"]
[Board "215"]

1. d4 Nf6 2. Bg5 Ne4 3. Bf4 d5 4. f3 Nf6 5. e4 dxe4 6. Nc3 exf3 7. Nxf3 e6 8. Bc4 Bd6 9. Qd2 O-O 10. O-O-O c6 11. Ne5 a5 12. Rhf1 Nd5 13. Nxd5 exd5 14. Bd3 Na6 15. a3 Be6 16. Rde1 Qe7 17. Nf3 b5 18. Ne5 Rfc8 19. Qf2 b4 20. a4 c5 21. dxc5 Nxc5 22. Bb5 Ne4 23. Qe3 Qc7 24. Nc6 Kh8 25. Bxd6 Qxd6 26. Nd4 Rc7 27. Re2 Rac8 28. Kb1 f6 29. Nxe6 Qxe6 30. Bd3 Re7 31. Rfe1 Rce8 32. Bxe4 dxe4 33. Qc5 Qe5 34. Qxe5 Rxe5 35. g3 f5 36. Kc1 g5 37. h4 gxh4 38. gxh4 f4 39. Rf1 f3 40. Re3 Kg7 41. Kd2 Kf6 42. Ke1 Kf5 43. Kf2 Kf4 44. Rg1 Rd8 45. Rge1 Rd2+ 46. Kf1 Rxc2 0-1


[Site "https://www.chess.com"]

[Event "Titled Tuesday Blitz August 22 Early 2023"]
[White "Fernandez Lopez, Ruben"]
[Black "Kaminski, Victor"]
[WhiteFideId "24518298"]
[BlackFideId "1131630"]
[WhiteElo "2478"]
[BlackElo "2258"]
[Result "1-0"]
[Round "2"]
[TimeControl "180+1"]
[Date "2023.08.22"]
[WhiteClock "0:01:35"]
[BlackClock "0:00:00"]
[Board "216"]

1. b3 d5 2. Bb2 Bf5 3. e3 Nc6 4. c4 Nb4 5. Na3 Nd3+ 6. Bxd3 Bxd3 7. Qf3 e6 8. Ne2 Nf6 9. Nf4 Be4 10. Qg3 h5 11. h4 c6 12. d3 Bf5 13. O-O Qa5 14. Nc2 Qd2 15. Rac1 O-O-O 16. b4 dxc4 17. Rfd1 Ne4 18. Rxd2 Nxg3 19. fxg3 cxd3 20. Nd4 Bxb4 21. Rdd1 d2 22. Rc4 Bg4 23. Nfe2 e5 24. Nf3 Ba5 25. Bxe5 Rhe8 26. Bd4 Kb8 27. Kf2 b6 28. Rxc6 Kb7 29. Rc2 Rc8 30. Rxc8 Rxc8 31. Bxg7 Rc2 32. a4 Ra2 33. Bc3 Rxa4 34. Rxd2 Bxc3 35. Nxc3 Rc4 36. Nb5 Rc5 37. Nd6+ Kc6 38. Nxf7 a5 39. N7e5+ Kb7 40. Nxg4 hxg4 41. Nd4 a4 42. Ra2 Ra5 43. h5 Rxh5 44. Rxa4 b5 45. Rb4 Ka6 46. e4 Rc5 47. Rxb5 Rxb5 48. Nxb5 Kxb5 49. Ke3 Kc4 50. Kf4 Kd4 51. e5 Kd5 52. Kf5 1-0


[Site "https://www.chess.com"]

[Event "Titled Tuesday Blitz August 22 Early 2023"]
[White "Ai, Evan"]
[Black "Itkis, Boris"]
[WhiteFideId "2094770"]
[BlackFideId "1209167"]
[WhiteElo "2256"]
[BlackElo "2477"]
[Result "0-1"]
[Round "2"]
[TimeControl "180+1"]
[Date "2023.08.22"]
[WhiteClock "0:00:06"]
[BlackClock "0:01:50"]
[Board "217"]

1. e4 e6 2. d4 d5 3. Nd2 c5 4. exd5 Qxd5 5. Ngf3 cxd4 6. Bc4 Qd6 7. O-O Nf6 8. Nb3 Nc6 9. Nbxd4 Nxd4 10. Nxd4 Be7 11. c3 O-O 12. Qe2 Qc7 13. Bb3 a5 14. a4 Bd7 15. Qf3 Rac8 16. Re1 Rfd8 17. Bf4 Qb6 18. Be3 Bc6 19. Nxc6 Qxc6 20. Qxc6 bxc6 21. Rad1 Nd5 22. Bxd5 Rxd5 23. Rxd5 cxd5 24. Bb6 Bd8 25. Bxd8 Rxd8 26. b4 Rc8 27. bxa5 Rxc3 28. a6 Rc7 29. Rb1 Kf8 30. Rb8+ Ke7 31. Rb7 Kd6 32. Rb6+ Rc6 33. Rxc6+ Kxc6 34. f4 Kb6 35. Kf2 Kxa6 36. Ke3 Ka5 37. Kd4 Kxa4 38. f5 Kb5 39. fxe6 fxe6 40. g4 Kc6 41. h4 Kd6 42. g5 e5+ 0-1


[Site "https://www.chess.com"]

[Event "Titled Tuesday Blitz August 22 Early 2023"]
[White "Tsyhanchuk, Stanislav"]
[Black "Fajdetic, Hrvoje"]
[WhiteFideId "13505130"]
[BlackFideId "14501945"]
[WhiteElo "2477"]
[BlackElo "2256"]
[Result "1-0"]
[Round "2"]
[TimeControl "180+1"]
[Date "2023.08.22"]
[WhiteClock "0:02:36"]
[BlackClock "0:02:05"]
[Board "218"]

1. e4 c5 2. Nf3 a6 3. c4 Nc6 4. Nc3 g6 5. d4 cxd4 6. Nxd4 Bg7 7. Be3 d6 8. Be2 Nf6 9. O-O O-O 10. Kh1 Nxd4 11. Bxd4 Be6 12. b3 Rc8 13. f4 Nd7 14. f5 1-0


[Site "https://www.chess.com"]

[Event "Titled Tuesday Blitz August 22 Early 2023"]
[White "Slavin, Alexey"]
[Black "Dudzinski, Pawel"]
[WhiteFideId "24104388"]
[BlackFideId "1117890"]
[WhiteElo "2253"]
[BlackElo "2474"]
[Result "1-0"]
[Round "2"]
[TimeControl "180+1"]
[Date "2023.08.22"]
[WhiteClock "0:01:05"]
[BlackClock "0:00:01"]
[Board "219"]

1. e4 c6 2. d4 d5 3. e5 c5 4. c4 cxd4 5. Qxd4 e6 6. cxd5 exd5 7. Nc3 Be6 8. f4 Nc6 9. Qa4 Bc5 10. Nf3 Qb6 11. Bd3 Ne7 12. Bd2 Bf2+ 13. Ke2 Bc5 14. a3 O-O-O 15. b4 Bd4 16. b5 Bxc3 17. Bxc3 d4 18. Bd2 Bd7 19. Rhc1 Kb8 20. Rab1 Nxe5 21. Nxe5 Be6 22. Ba5 Qd6 23. Bc7+ Qxc7 24. Rxc7 Rd6 25. Rxe7 1-0


[Site "https://www.chess.com"]

[Event "Titled Tuesday Blitz August 22 Early 2023"]
[White "Seletsky, Grigory"]
[Black "Rodriguez Santiago, Jaime"]
[WhiteFideId "14112191"]
[BlackFideId "3100898"]
[WhiteElo "2473"]
[BlackElo "2253"]
[Result "1-0"]
[Round "2"]
[TimeControl "180+1"]
[Date "2023.08.22"]
[WhiteClock "0:01:10"]
[BlackClock "0:00:07"]
[Board "220"]

1. e4 c6 2. d3 d5 3. Nd2 e5 4. Ngf3 Bd6 5. g3 Nf6 6. Bg2 Bg4 7. O-O O-O 8. h3 Bh5 9. Re1 Nbd7 10. g4 Bg6 11. Nh2 Bc5 12. Nhf1 Qb6 13. Qe2 Rfe8 14. Ng3 Nf8 15. Nf5 Ne6 16. Nb3 Bf8 17. Be3 d4 18. Bc1 a5 19. a4 Bxf5 20. gxf5 Nc5 21. Nd2 Qc7 22. Kh2 g6 23. fxg6 hxg6 24. Nf1 Bg7 25. Ng3 Rad8 26. Rf1 Rd7 27. f4 exf4 28. Bxf4 Qd8 29. Qf3 Ne6 30. Bd2 Rde7 31. Rf2 Nd7 32. Raf1 Ne5 33. Qd1 Qd6 34. Bf3 b6 35. Rg2 c5 36. b3 Nxf3+ 37. Rxf3 Be5 38. Kg1 Bxg3 39. Rgxg3 Kg7 40. Kg2 Rh8 41. Qf1 Rh5 42. Rf6 Qe5 43. Rf5 Rxf5 44. exf5 Nc7 45. f6+ Qxf6 46. Bh6+ Kxh6 47. Qxf6 Re2+ 48. Kf1 1-0


[Site "https://www.chess.com"]

[Event "Titled Tuesday Blitz August 22 Early 2023"]
[White "Marn, Jan"]
[Black "Schut, Han"]
[WhiteFideId "14619245"]
[BlackFideId "1005561"]
[WhiteElo "2472"]
[BlackElo "2251"]
[Result "1-0"]
[Round "2"]
[TimeControl "180+1"]
[Date "2023.08.22"]
[WhiteClock "0:00:46"]
[BlackClock "0:00:08"]
[Board "221"]

1. d4 Nf6 2. Nf3 g6 3. Nbd2 d5 4. e3 Bg7 5. b4 a5 6. b5 c5 7. bxc6 bxc6 8. Ba3 Nbd7 9. Rb1 c5 10. dxc5 Ne4 11. Nxe4 dxe4 12. Nd4 Qc7 13. c6 Ne5 14. Bb5 O-O 15. O-O Rd8 16. Qc1 Ba6 17. Bc5 Bxb5 18. Rxb5 Nxc6 19. Bb6 Qc8 20. Bxd8 Nxd4 21. exd4 Qxd8 22. d5 Qd7 23. c4 f5 24. Rd1 Qd6 25. c5 Qe5 26. c6 Kf7 27. Qc4 Qf4 28. d6+ e6 29. d7 Be5 30. g3 Qf3 31. d8=Q e3 32. Rd7# 1-0


[Site "https://www.chess.com"]

[Event "Titled Tuesday Blitz August 22 Early 2023"]
[White "Reprintsev, Alexander"]
[Black "Zaichenko, Daria"]
[WhiteFideId "14100541"]
[BlackFideId "4197453"]
[WhiteElo "2472"]
[BlackElo "2250"]
[Result "1-0"]
[Round "2"]
[TimeControl "180+1"]
[Date "2023.08.22"]
[WhiteClock "0:01:21"]
[BlackClock "0:01:06"]
[Board "222"]

1. e4 c5 2. b3 Nc6 3. Bb2 Nf6 4. e5 Nd5 5. Nf3 d6 6. Bb5 Bd7 7. exd6 exd6 8. Qe2+ Qe7 9. Qxe7+ Ndxe7 10. d4 Nb4 11. Bxd7+ Kxd7 12. Na3 Nec6 13. O-O-O Kc7 14. c3 Na6 15. Nb5+ Kb6 16. a4 Nc7 17. dxc5+ dxc5 18. Ng5 Be7 19. Nxf7 Rhf8 20. Nfd6 Nxb5 21. axb5 Rxf2 22. bxc6 Kxc6 23. Ne4 Rxg2 24. Rdg1 Re2 25. Re1 Rg2 26. Rhg1 Rxh2 27. Rxg7 Bh4 28. Rd1 Re8 29. Rd6+ Kb5 30. Rxb7+ Ka5 31. Rxa7+ Kb5 32. c4+ Kb4 33. Rb6# 1-0


[Site "https://www.chess.com"]

[Event "Titled Tuesday Blitz August 22 Early 2023"]
[White "Fernandez Hernandez, Gerardo"]
[Black "Goncalves, Davi Sulzbacher"]
[WhiteFideId "2207400"]
[BlackFideId "2154510"]
[WhiteElo "2247"]
[BlackElo "2470"]
[Result "0-1"]
[Round "2"]
[TimeControl "180+1"]
[Date "2023.08.22"]
[WhiteClock "0:00:00"]
[BlackClock "0:00:48"]
[Board "223"]

1. e4 c5 2. Nc3 d6 3. f4 Nf6 4. Nf3 Nc6 5. Bc4 g6 6. O-O Bg7 7. d3 O-O 8. Qe1 Nd4 9. Nxd4 cxd4 10. Ne2 d5 11. exd5 Nxd5 12. Qf2 Nb6 13. Bb3 a5 14. a4 Qd6 15. Ng3 Be6 16. Bxe6 Qxe6 17. Bd2 Qc6 18. c4 dxc3 19. Bxc3 Bxc3 20. bxc3 Nxa4 21. Qd4 b5 22. f5 Qxc3 23. Rxa4 Qxd4+ 24. Rxd4 Rfd8 25. Rxd8+ Rxd8 26. fxg6 hxg6 27. Rb1 b4 28. Rb3 f5 29. Ne2 e5 30. Kf2 Kf7 31. Ke3 Ke6 32. d4 exd4+ 33. Nxd4+ Kd5 34. Rd3 Re8+ 35. Kd2 Kc4 36. Nc2 Re4 37. Ne3+ Kb5 38. Rd5+ Kb6 39. Rd6+ Kb5 40. Rd5+ Ka4 41. Kd3 b3 0-1


[Site "https://www.chess.com"]

[Event "Titled Tuesday Blitz August 22 Early 2023"]
[White "De Souza, Cristiano Gomes"]
[Black "Yeritsyan, Hayk"]
[WhiteFideId "2151758"]
[BlackFideId "13307320"]
[WhiteElo "2244"]
[BlackElo "2469"]
[Result "0-1"]
[Round "2"]
[TimeControl "180+1"]
[Date "2023.08.22"]
[WhiteClock "0:01:00"]
[BlackClock "0:01:28"]
[Board "224"]

1. d4 g6 2. c4 Bg7 3. Nf3 Nf6 4. Nc3 O-O 5. e4 c5 6. d5 e6 7. Be2 exd5 8. exd5 d6 9. O-O a6 10. a4 Bf5 11. h3 Ne4 12. Nxe4 Bxe4 13. Bd3 Bxf3 14. Qxf3 Nd7 15. Qe2 Re8 16. Qc2 Qh4 17. Bd2 Be5 18. Bc3 Re7 19. Rae1 Rae8 20. Bxe5 Nxe5 21. Re3 f5 22. f4 Nd7 23. Rxe7 Rxe7 24. Qd2 Nf6 25. Rf3 Re1+ 26. Kh2 Ng4# 0-1


[Site "https://www.chess.com"]

[Event "Titled Tuesday Blitz August 22 Early 2023"]
[White "Flynn, Jacob"]
[Black "Polanco Nunez, Yoel Estarling"]
[WhiteFideId "2509393"]
[BlackFideId "6401783"]
[WhiteElo "2467"]
[BlackElo "2244"]
[Result "1-0"]
[Round "2"]
[TimeControl "180+1"]
[Date "2023.08.22"]
[WhiteClock "0:00:33"]
[BlackClock "0:00:00"]
[Board "225"]

1. d4 Nf6 2. c4 e6 3. g3 c5 4. d5 exd5 5. cxd5 d6 6. Nc3 Be7 7. Nf3 O-O 8. Bg2 Na6 9. O-O Nc7 10. e4 a6 11. a4 Rb8 12. a5 Nb5 13. Re1 Bg4 14. h3 Bxf3 15. Bxf3 Nd4 16. Bg2 Nd7 17. Kh2 Re8 18. f4 Bf6 19. Be3 b6 20. axb6 Qxb6 21. Ne2 Nxe2 22. Rxe2 a5 23. Qa4 Red8 24. Qxa5 Qxa5 25. Rxa5 Rxb2 26. Rxb2 Bxb2 27. Rb5 Bf6 28. Bf1 g5 29. fxg5 Bg7 30. Kg2 Re8 31. Bd3 Ne5 32. Bc2 Ng6 33. h4 Bd4 34. Bd2 Ne5 35. Bf4 Nc4 36. Kh3 Be5 37. Bd3 Bxf4 38. gxf4 Nd2 39. e5 dxe5 40. d6 c4 41. d7 Rd8 42. Bf5 Nb3 43. Rxe5 Kf8 44. Re4 Nc5 45. Rxc4 Ne6 46. Bxe6 fxe6 47. Rc8 Ke7 48. Rxd8 Kxd8 49. h5 Kxd7 50. g6 hxg6 51. h6 Ke7 52. h7 Kf7 53. h8=Q 1-0


[Site "https://www.chess.com"]

[Event "Titled Tuesday Blitz August 22 Early 2023"]
[White "Sarkar, Justin"]
[Black "Hirneise, Jens"]
[WhiteFideId "2010011"]
[BlackFideId "24614734"]
[WhiteElo "2241"]
[BlackElo "2466"]
[Result "0-1"]
[Round "2"]
[TimeControl "180+1"]
[Date "2023.08.22"]
[WhiteClock "0:00:00"]
[BlackClock "0:01:48"]
[Board "226"]

1. d4 Nf6 2. c4 e6 3. Nc3 d5 4. Bg5 Be7 5. e3 O-O 6. Nf3 Nbd7 7. Qc2 b6 8. cxd5 exd5 9. Bd3 Bb7 10. O-O Re8 11. Rac1 Rc8 12. Bf5 h6 13. Bh4 Ra8 14. Rfd1 c6 15. Ne5 Nf8 16. e4 Nxe4 17. Bxe7 Qxe7 18. Nxe4 dxe4 19. Nxc6 Bxc6 20. Qxc6 g6 21. Bh3 Qb4 22. Qc3 Qd6 23. d5 g5 24. Qc6 Red8 25. Qxd6 Rxd6 26. Rc6 Rad8 27. Rxd6 Rxd6 28. Bf5 Kg7 29. Bxe4 Kf6 30. f3 Nd7 31. g4 Nc5 32. Bf5 Ke5 33. Kf2 Rxd5 0-1


[Site "https://www.chess.com"]

[Event "Titled Tuesday Blitz August 22 Early 2023"]
[White "KrokerGuy"]
[Black "Kiseleva, Arina"]
[BlackFideId "4164989"]
[WhiteElo "2465"]
[BlackElo "2238"]
[Result "1-0"]
[Round "2"]
[TimeControl "180+1"]
[Date "2023.08.22"]
[WhiteClock "0:00:12"]
[BlackClock "0:00:05"]
[Board "227"]

1. e4 c6 2. d4 d5 3. Nc3 dxe4 4. Nxe4 Nf6 5. Nxf6+ exf6 6. c3 Bd6 7. Bd3 Na6 8. Qc2 h5 9. Ne2 Nc7 10. Bd2 Nd5 11. a3 Kf8 12. c4 Nc7 13. O-O g6 14. Bxg6 fxg6 15. Qxg6 Qe7 16. c5 Bxh2+ 17. Kxh2 Ne8 18. Rae1 Qg7 19. Nf4 Bd7 20. Qxg7+ Nxg7 21. Ng6+ Kf7 22. Nxh8+ Rxh8 23. b4 Nf5 24. Bc3 Be6 25. d5 Bxd5 26. g3 Rg8 27. Kh3 h4 28. g4 Nh6 29. f3 f5 30. Bd2 Kg6 31. Bxh6 Kxh6 32. Kxh4 a5 33. Re7 axb4 34. axb4 Ra8 35. gxf5 Rf8 36. Kg4 Rg8+ 37. Kf4 Rb8 38. Rh1# 1-0


[Site "https://www.chess.com"]

[Event "Titled Tuesday Blitz August 22 Early 2023"]
[White "Miguelitro69"]
[Black "Carroll, Thomas"]
[BlackFideId "450111"]
[WhiteElo "2228"]
[BlackElo "2464"]
[Result "1/2-1/2"]
[Round "2"]
[TimeControl "180+1"]
[Date "2023.08.22"]
[WhiteClock "0:00:17"]
[BlackClock "0:00:09"]
[Board "228"]

1. e4 e6 2. Qe2 c5 3. Nf3 Nc6 4. g3 g6 5. Bg2 Bg7 6. O-O Nge7 7. c3 O-O 8. Rd1 d5 9. d3 d4 10. c4 a6 11. Nbd2 b5 12. b3 Bd7 13. Ba3 b4 14. Bb2 a5 15. h4 a4 16. bxa4 Rxa4 17. Nb3 Qb6 18. e5 Rfa8 19. Bc1 Na5 20. Nbd2 b3 21. Ne4 Bc6 22. Bg5 Nf5 23. axb3 Rxa1 24. Rxa1 Nxb3 25. Rxa8+ Bxa8 26. Bf6 Qa5 27. g4 Nh6 28. Nfg5 Nc1 29. Qd1 Na2 30. Kh2 Nc3 31. Qf3 Nxe4 32. Nxe4 Bxe4 33. Qxe4 Bxf6 34. exf6 Qd8 35. Qf4 e5 36. Qxh6 Qxf6 37. Qg5 Qxf2 38. Qxe5 Qxh4+ 39. Kg1 Qxg4 40. Qe4 Qd1+ 41. Kf2 Qd2+ 42. Kg3 h5 43. Bf3 Kg7 44. Qe5+ Kh7 45. Qxc5 Qe1+ 46. Kf4 Qe3+ 47. Kg3 h4+ 48. Kg4 f5+ 49. Kxh4 Qxf3 50. Qe7+ Kg8 51. Qe8+ Kg7 52. Qe5+ Kh7 53. Qe7+ Kh6 54. Qg5+ Kh7 55. Qe7+ 1/2-1/2


[Site "https://www.chess.com"]

[Event "Titled Tuesday Blitz August 22 Early 2023"]
[White "Serban, Cristian-Stefan"]
[Black "hsd2016"]
[WhiteFideId "1241443"]
[WhiteElo "2463"]
[BlackElo "2228"]
[Result "1-0"]
[Round "2"]
[TimeControl "180+1"]
[Date "2023.08.22"]
[WhiteClock "0:00:09"]
[BlackClock "0:00:09"]
[Board "229"]

1. Nf3 Nf6 2. g3 g6 3. Bg2 Bg7 4. O-O Kf8 5. d4 e6 6. c4 d5 7. Nc3 c6 8. Qc2 Nbd7 9. Rd1 Ke7 10. e4 dxe4 11. Nxe4 Re8 12. b3 Nxe4 13. Ba3+ Nd6 14. Ng5 Nf6 15. d5 cxd5 16. cxd5 e5 17. Rac1 h6 18. Qc7+ Qxc7 19. Rxc7+ Bd7 20. Nxf7 Kxf7 21. Bxd6 g5 22. Rxb7 Kg6 23. Bc7 a6 24. d6 e4 25. Bf1 a5 26. a4 Be6 27. Bb5 Nd7 28. Bb6 Nxb6 29. Bxe8+ Rxe8 30. Rxb6 Bd7 31. Rb7 Rd8 32. Ra7 Be6 33. Rxa5 Bxb3 34. Rb1 Bc2 35. Rc1 Bd3 36. Rc6 Rd7 37. Rd5 Kf7 38. Rc7 Ke6 39. Rxd7 Kxd7 40. a5 Bc4 41. Rc5 Bd3 42. Rc7+ Kxd6 43. Rxg7 Kc5 44. Rg6 Kb5 45. Rxh6 Kxa5 46. h4 gxh4 47. gxh4 Kb5 48. Rh8 Kc6 49. h5 Kd5 50. h6 Ke6 51. h7 Kf7 52. Rf8+ 1-0


[Site "https://www.chess.com"]

[Event "Titled Tuesday Blitz August 22 Early 2023"]
[White "le-castor-faineant"]
[Black "Ljukin, Sergei"]
[BlackFideId "14102200"]
[WhiteElo "2227"]
[BlackElo "2463"]
[Result "0-1"]
[Round "2"]
[TimeControl "180+1"]
[Date "2023.08.22"]
[WhiteClock "0:01:25"]
[BlackClock "0:01:59"]
[Board "230"]

1. e4 e6 2. d4 d5 3. e5 c5 4. c3 Nc6 5. Nf3 Qb6 6. Bd3 cxd4 7. O-O Bd7 8. cxd4 Nxd4 9. Nbd2 Nc6 10. Nb3 f6 11. Re1 fxe5 12. Nxe5 Nxe5 13. Rxe5 Nf6 14. Be3 Qc7 15. Bf4 Bd6 16. Rc1 Qb8 17. Qe1 O-O 18. Bg3 Bxe5 19. Bxe5 Qe8 20. Rc7 Bc6 21. f3 Rc8 22. Qh4 Rxc7 23. Bxc7 e5 0-1


[Site "https://www.chess.com"]

[Event "Titled Tuesday Blitz August 22 Early 2023"]
[White "Wernberg, Hugo"]
[Black "AndresDelgado77"]
[WhiteFideId "1737511"]
[WhiteElo "2462"]
[BlackElo "2225"]
[Result "0-1"]
[Round "2"]
[TimeControl "180+1"]
[Date "2023.08.22"]
[WhiteClock "0:00:01"]
[BlackClock "0:00:49"]
[Board "231"]

1. d4 Nf6 2. c4 c6 3. Nf3 d5 4. Nc3 dxc4 5. a4 Bf5 6. Ne5 e6 7. Nxc4 c5 8. Be3 cxd4 9. Qxd4 Nc6 10. Qxd8+ Rxd8 11. Rd1 Rxd1+ 12. Kxd1 Ng4 13. Nb5 Kd7 14. f3 Nxe3+ 15. Nxe3 Bg6 16. Nc2 Bc5 17. e3 Bxc2+ 18. Kxc2 Bxe3 19. Bc4 Bc5 20. Rd1+ Ke7 21. Kc3 Rc8 22. b3 a6 23. Nd4 0-1


[Site "https://www.chess.com"]

[Event "Titled Tuesday Blitz August 22 Early 2023"]
[White "KSho99"]
[Black "Perera Alfonso, Rene Humberto"]
[BlackFideId "3514722"]
[WhiteElo "2225"]
[BlackElo "2460"]
[Result "0-1"]
[Round "2"]
[TimeControl "180+1"]
[Date "2023.08.22"]
[WhiteClock "0:01:57"]
[BlackClock "0:01:46"]
[Board "232"]

1. Nf3 d5 2. g3 Nf6 3. Bg2 Bg4 4. Ne5 Bf5 5. O-O e6 6. b3 Nbd7 7. Bb2 Bd6 8. Nxd7 Qxd7 9. d3 h5 10. h4 e5 11. c4 Bh3 12. Nc3 Bxg2 13. Kxg2 d4 14. Ne4 Nxe4 15. dxe4 g5 16. hxg5 h4 17. Rh1 O-O-O 18. gxh4 Qg4+ 19. Kf1 Rxh4 20. Rg1 Qh3+ 21. Ke1 Bb4+ 0-1


[Site "https://www.chess.com"]

[Event "Titled Tuesday Blitz August 22 Early 2023"]
[White "dodoucb"]
[Black "ajedrez-facil"]
[WhiteElo "2459"]
[BlackElo "2224"]
[Result "1-0"]
[Round "2"]
[TimeControl "180+1"]
[Date "2023.08.22"]
[WhiteClock "0:00:41"]
[BlackClock "0:00:07"]
[Board "233"]

1. d4 d5 2. c4 c6 3. Nf3 Nf6 4. Nc3 dxc4 5. a4 Bf5 6. e3 e6 7. Bxc4 Nbd7 8. O-O Bd6 9. Qe2 Ne4 10. Nxe4 Bxe4 11. Nd2 Bg6 12. a5 Qc7 13. h3 O-O 14. b3 b5 15. Bd3 Bxd3 16. Qxd3 a6 17. Bb2 Rac8 18. Rfc1 Qa7 19. Qe4 c5 20. Qh4 cxd4 21. Bxd4 Bc5 22. Bb2 Rfd8 23. Ne4 Bf8 24. Bd4 Qb7 25. Rd1 Qc6 26. Ng5 h6 27. Ne4 e5 28. Bb6 Re8 29. Kh2 g5 30. Qg4 Nxb6 31. axb6 Qxb6 32. Qf5 Bg7 33. Nd6 Red8 34. Qxf7+ 1-0


[Site "https://www.chess.com"]

[Event "Titled Tuesday Blitz August 22 Early 2023"]
[White "Luxama, Jacques Muller"]
[Black "Liu, Casper"]
[WhiteFideId "11900113"]
[BlackFideId "1454153"]
[WhiteElo "2223"]
[BlackElo "2458"]
[Result "0-1"]
[Round "2"]
[TimeControl "180+1"]
[Date "2023.08.22"]
[WhiteClock "0:00:00"]
[BlackClock "0:00:10"]
[Board "234"]

1. e4 c5 2. Nf3 d6 3. Bb5+ Nd7 4. a4 e6 5. O-O g6 6. Nc3 Bg7 7. d3 Ne7 8. Bf4 a6 9. Bc4 Ne5 10. Qe2 N7c6 11. Rfd1 Nxf3+ 12. Qxf3 Nd4 13. Qg3 Nxc2 14. Bxd6 Nxa1 15. Rxa1 Qb6 16. Nd1 h5 17. h4 Bf6 18. a5 Qd8 19. Bxc5 Bxh4 20. Qe3 Be7 21. Bd4 O-O 22. Nc3 Bg5 23. f4 Bxf4 24. Qf2 Bg3 25. Qe3 Qh4 26. Qh6 Qh2+ 27. Kf1 Be5 28. Bg1 Qg3 29. Bf2 Qh2 30. Bg1 Qf4+ 31. Qxf4 Bxf4 32. Bf2 Bd7 33. Rd1 Rfd8 34. d4 Rac8 35. Bb3 Bd6 36. d5 Bb4 37. dxe6 Bxe6 38. Nd5 Kf8 39. Bb6 Rd7 40. Kf2 Bc5+ 41. Kf3 Bxb6 0-1


[Site "https://www.chess.com"]

[Event "Titled Tuesday Blitz August 22 Early 2023"]
[White "Derichs, Roger"]
[Black "Thiel, Thomas"]
[WhiteFideId "4630076"]
[BlackFideId "4615964"]
[WhiteElo "2458"]
[BlackElo "2222"]
[Result "1-0"]
[Round "2"]
[TimeControl "180+1"]
[Date "2023.08.22"]
[WhiteClock "0:01:15"]
[BlackClock "0:01:08"]
[Board "235"]

1. Nf3 Nf6 2. c4 g6 3. b4 Bg7 4. Bb2 O-O 5. g3 c6 6. Bg2 d5 7. cxd5 cxd5 8. O-O a6 9. d3 Nc6 10. Qb3 h6 11. Ne5 Nxe5 12. Bxe5 Be6 13. Nd2 d4 14. Qb2 Bd5 15. Bxd4 Bxg2 16. Kxg2 Qd5+ 17. Nf3 Rfd8 18. Rac1 Rac8 19. a3 g5 20. h3 h5 21. Rxc8 Rxc8 22. Kg1 Qf5 23. Kh2 g4 24. Nh4 Qe6 25. e4 gxh3 26. Nf5 Bh8 27. Kxh3 Rd8 28. Kg2 Nxe4 29. Bxh8 Qxf5 30. Qg7# 1-0


[Site "https://www.chess.com"]

[Event "Titled Tuesday Blitz August 22 Early 2023"]
[White "NLLO777"]
[Black "Winslow, Elliott"]
[BlackFideId "2002523"]
[WhiteElo "2458"]
[BlackElo "2217"]
[Result "1-0"]
[Round "2"]
[TimeControl "180+1"]
[Date "2023.08.22"]
[WhiteClock "0:00:03"]
[BlackClock "0:00:00"]
[Board "236"]

1. d4 Nf6 2. c4 g6 3. Nf3 Bg7 4. g3 O-O 5. Bg2 d6 6. O-O Nbd7 7. Nc3 e5 8. e4 c6 9. h3 Re8 10. Be3 a5 11. Re1 h6 12. Qc2 Nh7 13. Rad1 Ng5 14. Nxg5 hxg5 15. d5 c5 16. Nb5 Ra6 17. Qd2 Bf6 18. Bf3 Kg7 19. Kg2 Rh8 20. Rh1 Be7 21. a4 f5 22. Qe2 b6 23. Bd2 Ra8 24. Qd3 f4 25. Bg4 Nf6 26. Bxc8 Qxc8 27. Qe2 Qd7 28. g4 Rh4 29. f3 Rah8 30. Be1 R4h7 31. Bf2 Bd8 32. Rh2 Ne8 33. Rdh1 Bf6 34. Qe1 Qe7 35. Qc3 Kf7 36. Qb3 Qd7 37. Nc3 Bd8 38. Kf1 Nf6 39. Ke2 Ne8 40. Kd3 Bc7 41. Nb5 Bd8 42. Nc3 Bc7 43. h4 gxh4 44. Rxh4 Rxh4 45. Rxh4 Rxh4 46. Bxh4 Bd8 47. Bxd8 Qxd8 48. Qb5 Nf6 49. Qc6 g5 50. Nb5 Ne8 51. Qb7+ Kg6 52. Na7 Nf6 53. Nc6 Qh8 54. Ne7+ Kh6 55. Nf5+ Kg6 56. Qe7 Ng8 57. Qe6+ Nf6 58. Qxd6 1-0


[Site "https://www.chess.com"]